 Dungeon Crawl Stone Soup version 0.29.1-4-g47bece8355 (webtiles) character file.

Game seed: 10427419809905746027

2101 Gabide the Purveyor of Pain (level 9, 0/65 HPs)
             Began as a Mummy Necromancer on Dec 5, 2022.
             Was an Initiate of Kikubaaqudgha.
             Killed by divine providence
             ... invoked by an orc priest
              (11 damage)
             ... on level 7 of the Dungeon.
             The game lasted 00:13:30 (8026 turns).

Gabide the Purveyor of Pain (Mummy Necromancer)     Turns: 8026, Time: 00:13:31

Health: 0/65       AC:  3    Str: 12    XL:     9   Next: 7%
Magic:  1/22       EV: 13    Int: 18    God:    Kikubaaqudgha [......]
Gold:   154        SH:  0    Dex: 12    Spells: 6/14 levels left

rFire   x . .      SeeInvis .   c - +1 hand axe (venom)
rCold   + . .      Faith    .   (no shield)
rNeg    + + +      Spirit   .   a - +0 robe
rPois   ∞          Reflect  .   (no helmet)
rElec   .          Harm     .   (no cloak)
rCorr   .          Rampage  .   (no gloves)
Will    ++...                   f - +0 pair of boots
Stlth   ++........              (no amulet)
HPRegen 0.20/turn               d - ring of magical power
MPRegen 0.18/turn               k - ring of willpower

@: no status effects
A: cold resistance 1, negative energy resistance 3, torment resistance 2, heat
vulnerability 1, in touch with death 1, no potions
a: Renounce Religion


You were on level 7 of the Dungeon.
You worshipped Kikubaaqudgha.
Kikubaaqudgha was noncommittal.
You visited 2 branches of the dungeon, and saw 8 of its levels.

You collected 256 gold pieces.
You spent 102 gold pieces at shops.

Inventory:

Hand Weapons
 c - a +1 hand axe of venom (weapon)
 s - a +0 halberd
Armour
 a - a +0 robe (worn)
 f - a +0 pair of boots (worn)
Jewellery
 d - a ring of magical power (left hand)
 e - a ring of protection from cold
 k - a ring of willpower (right hand)
 o - a ring of see invisible
 r - a ring of magical power
Wands
 i - a wand of roots (2)
Scrolls
 b - 2 scrolls of vulnerability {unknown}
 g - 2 scrolls of enchant weapon {unknown}
 h - a scroll of summoning {unknown}
 j - 3 scrolls of teleportation
 l - 3 scrolls of silence {unknown}
 m - a scroll of magic mapping {unknown}
 n - a scroll of identify {unknown}
 p - a scroll of enchant armour {unknown}
 q - a scroll of fear {unknown}


   Skills:
 - Level 4.0 Fighting
 - Level 4.0 Dodging
 - Level 2.0 Stealth
 - Level 4.0 Unarmed Combat
 - Level 3.0 Spellcasting
 + Level 9.7 Necromancy


You had 6 spell levels left.
You knew the following spells:

 Your Spells              Type           Power      Damage    Failure   Level
a - Necrotise             Necr           100%       1d9       1%          1
b - Vampiric Draining     Necr           54%        2d9       1%          3
c - Animate Dead          Necr           54%        N/A       3%          4

Your spell library contained the following spells:

 Spells                   Type           Power      Damage    Failure   Level
 Agony                    Necr           54%        N/A       9%          5
 Foxfire                  Conj/Fire      8%         2x1d4     16%         1
 Sting                    Tmut/Pois      8%         1d3       16%         1
 Blink                    Tloc           4%         N/A       24%         2
 Poisonous Vapours        Pois/Air       4%         N/A       24%         2
 Static Discharge         Conj/Air       2%         3-4/arc   24%         2
 Conjure Flame            Conj/Fire      2%         6-21      43%         3
 Dazzling Flash           Conj/Hex       4%         N/A       43%         3
 Gell's Gravitas          Tloc           2%         N/A       43%         3
 Ignite Poison            Fire/Tmut/Pois 2%         N/A       43%         3
 Inner Flame              Hex/Fire       2%         N/A       43%         3
 Lesser Beckoning         Tloc           2%         N/A       43%         3
 Teleport Other           Tloc           2%         N/A       43%         3
 Flame Wave               Conj/Fire      2%         2d4       85%         4
 Iskenderun's Mystic Bla  Conj/Tloc      2%         2d3       85%         4
 Leda's Liquefaction      Hex/Erth       1%         N/A       85%         4
 Olgreb's Toxic Radiance  Pois           2%         N/A       85%         4
 Sticky Flame             Conj/Fire      2%         2d3       85%         4
 Lee's Rapid Deconstruct  Erth           1%         3d5*      99%         5
 Lightning Bolt           Conj/Air       1%         1d12      99%         5
 Manifold Assault         Tloc           2%         N/A       99%         5
 Dispersal                Tloc           1%         N/A       100%        6
 Starburst                Conj/Fire      1%         6d3       100%        6
 Summon Hydra             Summ           1%         N/A       100%        7
 Maxwell's Capacitive Co  Air            1%         ∞         100%        8
 Sublimation of Blood     Necr           Unusable   N/A       N/A         2
 Wereblood                Tmut           Unusable   N/A       N/A         2
 Statue Form              Tmut/Erth      Unusable   N/A       N/A         6

Dungeon Overview and Level Annotations

Branches:
Dungeon (7/15)             Temple (1/1) D:6

Altars:
Ashenzari
Cheibriados
Fedhas
Gozag
Hepliaklqana
Kikubaaqudgha
Makhleb
Okawaru
Qazlal
Sif Muna
Trog
Uskayaw
Vehumet
Wu Jian
Xom
Yredelemnul

Shops:
D:5 *[

Annotations:
D:3 1 runed translucent door, Descartes's ghost, amateur DEWn


Innate Abilities, Weirdness & Mutations

You are immune to poison.
Your flesh is cold resistant. (rC+)
You are immune to negative energy. (rN+++)
You are immune to unholy pain and torment.
You are vulnerable to heat. (rF-)
You are in touch with the powers of death.
You do not drink.


Message History

Press: ? - help, Shift-Dir - straight line, f/p - howler monkey
Aim: a howler monkey (severely wounded)
You feel a surge of power!
You draw life force from the howler monkey.
You kill the howler monkey!
Kikubaaqudgha accepts your kill.
You feel life coursing into your body.
You start resting.
An orc priest is nearby!
The orc priest shouts!
The orc priest miscasts a cantrip.
Things that are here:
a +0 club; an orc corpse You reach to attack!
You hit the orc priest but do no damage.
The orc priest calls down the wrath of Beogh upon you.
Beogh smites you!
The orc priest invokes the aid of Beogh against you.
Beogh smites you!
The orc priest mumbles some strange prayers to Beogh against you.
Beogh smites you!
* * * LOW HITPOINT WARNING * * *
Casting: Vampiric Draining (safe; 1% risk of failure)
Confirm with . or Enter, or press ? or * to list all spells.
Aiming: Vampiric Draining (safe; 1% risk of failure)
Press: ? - help, Shift-Dir - straight line, f/p - orc priest
Aim: an orc priest, wielding a +0 vorpal trident and wearing a +0 scale mail You feel a surge of power!
You draw life force from the orc priest!
You feel life coursing into your body. The orc priest closely misses you.
You barely miss the orc priest.
The orc priest is severely wounded.
The orc priest hits you with a +0 vorpal trident.
* * * LOW HITPOINT WARNING * * *
x2 Your +1 hand axe of venom begins to drip with poison!
c - a +1 hand axe of venom (weapon)
The orc priest invokes the aid of Beogh against you.
Beogh smites you!
You die...
Kikubaaqudgha rasps: "You have failed me!
Welcome... oblivion!"

###### #.†..# #†)..#
##########
###....######.........
#..>.@................
#.#...o###............
#.....................
##...............#.###
#.....#.##......#..##
##........###...so...#
#####.....###..##..#####.#
######o....#..##
##)##.o#..(#.h
#......######.#
#)###.#..(#.#


You could see an orc priest.

Vanquished Creatures
  A water moccasin (D:5)
  An orc warrior (D:7)
  2 ice beasts
  3 ogres
  A phantom (D:4)
  Blork the orc (D:4)
  2 bullfrogs
  A necrophage (D:4)
  6 scorpions
  3 wights (D:6)
  2 howler monkeys (D:7)
  3 hounds
  An orc priest (D:5)
  A gnoll bouda (D:7)
  A jelly (D:6)
  2 iguanas
  4 orc wizards
  4 adders
  7 gnolls
  A white imp (D:5)
  2 worms
  A dart slug (D:4)
  10 orcs
  6 endoplasms
  3 giant cockroaches
  2 goblins
  2 hobgoblins (D:2)
  2 jackals (D:4)
  2 quokkas
  9 ball pythons
  8 bats
  2 frilled lizards
  6 kobolds
  5 rats
107 creatures vanquished.

Vanquished Creatures (collateral kills)
  A howler monkey (D:7)
  An ufetubus (D:6)
  An orc (D:5)
  A jackal (D:4)
4 creatures vanquished.

Vanquished Creatures (others)
  An adder zombie (D:6)
  An iguana zombie (D:7)
  6 gnoll zombies
8 creatures vanquished.

Grand Total: 119 creatures vanquished

Notes
Turn   | Place    | Note
-------+----------+-------------------------------------------
     0 | D:1      | Gabide the Mummy Necromancer began the quest for the Orb.
     0 | D:1      | Reached XP level 1. HP: 13/13 MP: 4/4
   312 | D:1      | Reached XP level 2. HP: 20/20 MP: 2/5
   999 | D:2      | Reached skill level 1 in Fighting
  1202 | D:2      | Found a basalt altar of Yredelemnul.
  1334 | D:2      | Reached skill level 1 in Unarmed Combat
  1358 | D:2      | Gained mutation: You are in touch with the powers of death.
                  | [Mummy growth]
  1358 | D:2      | Reached XP level 3. HP: 26/26 MP: 7/7
  1390 | D:2      | Found a faded altar of an unknown god.
  1414 | D:2      | Learned a level 3 spell: Vampiric Draining
  2287 | D:3      | Reached XP level 4. HP: 26/33 MP: 8/8
  2513 | D:3      | Found a stormy altar of Qazlal.
  2513 | D:3      | Found a shimmering blue altar of Sif Muna.
  2690 | D:3      | Found a runed translucent door.
  2690 | D:3      | Noticed Descartes's ghost (amateur DEWn)
  3023 | D:4      | Noticed a necrophage
  3062 | D:4      | Killed a necrophage
  3063 | D:4      | Reached XP level 5. HP: 5/38 MP: 9/9
  3359 | D:4      | Reached skill level 5 in Necromancy
  3444 | D:4      | Noticed Blork the orc
  3449 | D:4      | Killed Blork the orc
  3450 | D:4      | Reached skill level 6 in Necromancy
  3450 | D:4      | Reached XP level 6. HP: 17/44 MP: 9/10
  4343 | D:5      | Entered Level 5 of the Dungeon
  4355 | D:5      | Noticed an ice beast
  4362 | D:5      | Reached XP level 7. HP: 52/52 MP: 11/11
  4546 | D:4      | Reached skill level 7 in Necromancy
  4668 | D:5      | Learned a level 4 spell: Animate Dead
  4770 | D:5      | Found Rery's Assorted Antiques.
  4773 | D:5      | Bought a scroll labelled BAAVAA WUINUNK for 34 gold pieces
  4773 | D:5      | Bought a scroll labelled TANULUI XITRU for 34 gold pieces
  4773 | D:5      | Bought a scroll labelled XODOEX OWNAMM for 34 gold pieces
  4955 | D:5      | Found Ikhlast's Armour Boutique.
  5439 | D:6      | Found a staircase to the Ecumenical Temple.
  5447 | Temple   | Entered the Ecumenical Temple
  5451 | Temple   | Reached skill level 8 in Necromancy
  5451 | Temple   | Reached XP level 8. HP: 56/58 MP: 9/12
  5552 | Temple   | Became a worshipper of Kikubaaqudgha
  6123 | D:6      | Found a shimmering altar of Xom.
  7343 | D:6      | Found an ornate altar of the Wu Jian Council.
  7343 | D:6      | Found a shimmering altar of Xom.
  7787 | D:7      | Noticed a +0 dagger
  7787 | D:7      | Noticed a +0 hand axe
  7787 | D:7      | Found a hide-covered altar of Uskayaw.
  7876 | D:7      | Reached skill level 9 in Necromancy
  7905 | D:7      | Noticed a gargoyle
  7971 | D:7      | Reached XP level 9. HP: 42/65 MP: 2/13
  8026 | D:7      | Killed from afar by an orc priest

Illustrated notes

Levels and vault maps discovered:
D:1:      onia_arrival_mini_spirals, layout_loops_ring, roderic_roman_lattice
D:2:      layout_basic, shapermc_ecumenical_altar_mp_urbaneastern, basic_altar
D:3:      layout_loops_ring, gammafunk_temple_overflow_elements,
          hellmonk_ghost_happy_afterlife, chequers_decorated_corner
D:4:      layout_basic, kennysheep_mini_moat, uniq_blork_the_orc
D:5:      layout_loops_ring, serial_shops, nicolae_shop_behind_doors,
          nicolae_shop_behind_doors, ebering_dispersal_statue_hall,
          hangedman_abyss_or_decor_stagger
D:6:      layout_basic, doesnt_xom_only_xom, minmay_temple_entry_crystal_x,
          grunt_ministairs_7
D:7:      layout_rooms, dancing_weapons_uskayaw
Temple:   minmay_temple_curvy_branch

Skill      XL: |  1  2  3  4  5  6  7  8 |
---------------+-------------------------+-----
Fighting       | 1 2 3 4 |  4.0
Dodging        | 2 3 4 |  4.0
Unarmed Combat | 1 2 3 4 |  4.0
Spellcasting   | 3 |  3.0
Stealth        | 2 |  2.0
Necromancy     | 6 8 9 |  9.7

Action                   |  1- 3 |  4- 6 |  7- 9 || total
-------------------------+-------+-------+-------++-------
Melee: Hand axe          |     1 |    41 |    33 ||    75
       Unarmed           |       |       |    36 ||    36
       Halberd           |       |       |    20 ||    20
       Punch             |       |       |     2 ||     2
 Cast: Necrotise         |    57 |    68 |    19 ||   144
       Vampiric Draining |     1 |     3 |    60 ||    64
       Animate Dead      |       |       |     2 ||     2
Evoke: Wand              |       |     2 |     5 ||     7
  Use: Scroll            |       |       |     2 ||     2
Armor: Robe              |     2 |    13 |    15 ||    30
Dodge: Dodged            |     4 |    26 |   136 ||   166
